 Dungeon Crawl Stone Soup version 0.27-a0-419-g7a85846853 (webtiles) character file.

Game seed: 12223641351447064832

9 Chiseanne the Grave Robber (level 2, 17/20 HPs)
             Began as a Demonspawn Wanderer on Feb 26, 2021.
             Quit the game on level 1 of the Dungeon.
             The game lasted 00:00:31 (100 turns).

Chiseanne the Grave Robber (Demonspawn Wanderer)     Turns: 100, Time: 00:00:31

Health: 17/20      AC:  2    Str: 11    XL:     2   Next: 3%
Magic:  2/2        EV: 11    Int: 17    God:
Gold:   0          SH:  0    Dex:  9    Spells: 0/1 levels left

rFire    . . .     SeeInvis .   a - +2 hand crossbow
rCold    . . .     Faith    .   (no shield)
rNeg     . . .     Spirit   .   e - +0 robe
rPois    .         Reflect  .   (no helmet)
rElec    .         Harm     .   (no cloak)
rCorr    .         Rampage  .   (no gloves)
Will     .....                  (no boots)
Stlth    +.........             (no amulet)
HPRegen  0.06/turn              (no ring)
MPRegen  0.08/turn              (no ring)

@: no status effects
A: claws 1
a: no special abilities


You were on level 1 of the Dungeon.
You visited 1 branch of the dungeon, and saw 1 of its levels.

Inventory:

Hand Weapons
 a - a +2 hand crossbow (weapon)
Missiles
 b - 21 bolts (quivered ammo)
 f - 23 stones
 g - 27 sling bullets
Armour
 e - a +0 robe (worn)
Scrolls
 c - a scroll of identify {unknown}
 d - a scroll of teleportation


   Skills:
 * Level 0.8 Fighting
 * Level 2.0 Crossbows
 - Level 1.0 Throwing
 - Level 1.0 Armour
 * Level 0.7 Dodging
 - Level 3.2 Necromancy
 - Level 1.7 Ice Magic
 - Level 1.0 Evocations


You couldn't memorise any spells.
You knew the following spells:

 Your Spells              Type           Power        Failure   Level
a - Apportation           Tloc           0%           24%         1

Your spell library contained the following spells:

 Spells                   Type           Power        Failure   Level
 Lesser Beckoning         Tloc           0%           56%         3


Dungeon Overview and Level Annotations

Branches:
Dungeon (1/15)

Altars:


Innate Abilities, Weirdness & Mutations

You have sharp fingernails.


Message History

You kill the goblin!
No target in view!
No target in view!
A hobgoblin comes into view. It is wielding a +0 club.
You shoot a bolt. The bolt hits the hobgoblin!
You kill the hobgoblin!
No target in view!
No target in view!
No target in view!
No target in view!
No target in view!
No target in view!
No target in view!
b - 26 bolts (gained 1)
You see here a rat corpse.
b - 27 bolts (gained 1)
A goblin comes into view. It is wielding a +0 dagger.
The goblin shouts!
Found a scroll labelled XATIXA SEOSMU.
You shoot a bolt. The bolt closely misses the goblin.
A bat comes into view.
You shoot a bolt. The bolt hits the goblin!
You kill the goblin!
A kobold comes into view.
The bat hits you.
Your Crossbows skill increases to level 2!
You shoot a bolt. The bolt misses the bat.
The kobold shouts!
The bat barely misses you. The bat closely misses you.
You shoot a bolt. The bolt closely misses the bat.
The bat barely misses you. The bat hits you.
You shoot a bolt. The bolt hits the bat!
You kill the bat!
You have reached level 2!
Your demonic ancestry asserts itself...
Your fingernails lengthen.
You shoot a bolt. The bolt hits the kobold.
You kill the kobold!
No target in view!
Are you sure you want to abandon this character and quit the game? (Confirm with "yes".)

#.# ########.# .#
#........### ?#####
# #..........#
#...(. #
#.######.#.........#
# # #.# #.#
####...... # #†#
##.## ..#(### ###.#
#...#####(.....#
....# #.......@(.#
....# #.†........#
.#### #########..#
.. ..... .#. .###.#
.#.. .# # .# ## .#
.# .#


There were no monsters in sight!

Vanquished Creatures
  A bat (D:1)
  A giant cockroach (D:1)
  2 goblins (D:1)
  A hobgoblin (D:1)
  A kobold (D:1)
  2 rats (D:1)
8 creatures vanquished.

Notes
Turn   | Place    | Note
-------+----------+-------------------------------------------
     0 | D:1      | Chiseanne the Demonspawn Wanderer began the quest for the
                  | Orb.
     0 | D:1      | Chiseanne set off with the following items: a +2 hand
                  | crossbow, 29 bolts, a scroll of teleportation, a +0 robe;
                  | and the following spell memorised: Apportation; and the
                  | following spells available to memorise: Lesser Beckoning
     0 | D:1      | Reached XP level 1. HP: 13/13 MP: 1/1
    99 | D:1      | Gained mutation: You have sharp fingernails. [demonic
                  | ancestry]
    99 | D:1      | Reached XP level 2. HP: 17/20 MP: 2/2
   100 | D:1      | Quit the game

Illustrated notes

Levels and vault maps discovered:
D:1:      matt_arrival_los_fun, layout_loops_ring, minmay_cut_off

Skill      XL: |  1 |
---------------+----+-----
Crossbows      | 2 |  2.0
Fighting       | |  0.8
Throwing       | |  1.0
Armour         | |  1.0
Dodging        | |  0.7
Necromancy     | |  3.2
Ice Magic      | |  1.7
Evocations     | |  1.0

Action                   || total
-------------------------++-------
 Fire: Hand crossbow     ||    13
Dodge: Dodged            ||     3

Table legend: (Time is in decaauts)
 A = Elapsed time spent in this place.
 B = Non-inter-level travel time spent in this place.
 C = Inter-level travel time spent in this place.
 D = Time resting spent in this place.
 E = Time spent auto-exploring this place.
 F = Levels seen in this place.
 G = Mean time per level.
                   A        B        C        D        E       F      G
               +--------+--------+--------+--------+--------+-----+--------+
         Total |    105 |    105 |      0 |      0 |     79 |   1 |  105.0 |
       Dungeon |    105 |    105 |      0 |      0 |     79 |   1 |  105.0 |
               +--------+--------+--------+--------+--------+-----+--------+

Top non-repeatable levels by time:
     D:1: 105 daAuts
